Diablos vs Sewer Rats
Created - March 6, 2021 at 19:37
Goals
|
| Diablos |
0 |
3 |
3 |
6 |
| Sewer Rats |
2 |
1 |
0 |
3 |
|
Shots
|
| Diablos |
11 |
11 |
16 |
38 |
| Sewer Rats |
15 |
8 |
5 |
28 |
|
1st period
1. Sewer Rats , Erik Condra 27 (Joel Edmundson 20, Jonathan Marchessault 42) at 1:22
2. Sewer Rats , Vincent Trocheck 27 (Mark Mancari 38) at 13:11
Penalties :
Tyler Pitlick (Don) for Hooking (Minor) at 10:13, Stefan Elliott (Tol) for Goalie Interference (Minor) at 19:26
2nd period
3. Diablos , Tyler Pitlick 22 (Alex Petrovic 26, Brian Dumoulin 37) at 3:37 (PP)
4. Sewer Rats , Daniel Carr 30 (Vincent Trocheck 54, Mark Mancari 39) at 4:40
5. Diablos , Adrian Kempe 36 (Viktor Loov 23, Mattias Tedenby 31) at 5:33
6. Diablos , Corey Trivino 12 (Tom Wilson 20) at 12:44 (PP)
Penalties :
Daniel Carr (Tol) for Hooking (Minor) at 3:25, Adrian Kempe (Don) for Roughing (Minor) at 7:51, Jarred Tinordi (Tol) for High sticking (Minor) at 12:38, Corey Trivino (Don) for Hooking (Minor) at 12:55, Xavier Ouellet (Tol) for High sticking (Minor) at 16:38
3rd period
7. Diablos , Jiri Sekac 12 (Andrei Mironov 9, Sam Reinhart 15) at 7:30
8. Diablos , Sergey Tolchinsky 9 (Brian Dumoulin 38, Alex Petrovic 27) at 8:55
9. Diablos , Sam Reinhart 11 (Jiri Sekac 16, Andrei Mironov 10) at 14:55
Penalties :
Viktor Loov (Don) for Hooking (Minor) at 2:11, Joel Edmundson (Tol) for Hooking (Minor) at 12:24, Tom Wilson (Don) for Slashing (Minor) at 15:19, Tyler Lewington (Don) for Tripping (Minor) at 18:17
Goalie Stats
Jean-Francois Berube (Don), 25 saves from 28 shots - (0.893), W, 13-8-1, 60:00 minutes
Darcy Kuemper (Tol), 32 saves from 38 shots - (0.842), L, 13-9-1, 60:00 minutes
Players Stats for Diablos
Player Name G A P +/- PIM S H SB GA TA FO MP PP MP PK MP
------------------------------------------------------------------------------------
Adrian Kempe 1 0 1 0 2 3 0 0 1 0 0/0 16:00 2:46 0:00
Alex Petrovic 0 2 2 0 0 0 1 1 0 1 0/0 27:06 4:18 5:46
Andrei Mironov 0 2 2 1 0 0 0 0 0 0 0/0 9:48 0:00 0:43
Andrey Pedan 0 0 0 1 0 1 1 1 0 1 0/0 9:56 0:00 0:51
Brian Dumoulin 0 2 2 0 0 1 0 1 3 4 0/0 27:06 4:18 5:46
Charles Hudon 0 0 0 0 0 0 0 0 0 0 0/1 3:48 0:00 3:38
Corey Trivino 1 0 1 -2 2 8 1 1 1 0 16/33 19:18 3:29 2:03
Danton Heinen 0 0 0 1 0 0 0 0 0 0 0/0 5:33 0:00 0:00
Dean Kukan 0 0 0 0 0 1 1 1 0 0 0/0 19:41 1:57 5:45
Dominic Turgeon 0 0 0 2 0 1 2 0 0 1 5/7 9:02 0:00 0:00
Guillaume Brisebois 0 0 0 0 0 0 0 0 0 0 0/0 0:00 0:00 0:00
Jack Glover 0 0 0 0 0 0 0 0 0 0 0/0 4:02 0:00 0:00
Jakub Vrana 0 0 0 0 0 0 0 0 0 0 0/0 0:21 0:21 0:00
Jiri Sekac 1 1 2 2 0 6 2 1 1 0 0/0 12:41 0:00 3:18
Mason Appleton 0 0 0 1 0 0 0 2 0 0 2/3 5:44 0:00 0:11
Mattias Tedenby 0 1 1 0 0 3 0 0 2 0 1/1 18:42 2:46 2:48
Peter Holland 0 0 0 0 0 1 1 0 0 1 6/10 17:30 2:39 1:15
Sam Reinhart 1 1 2 2 0 5 1 0 0 0 1/1 9:02 0:00 0:00
Scott Glennie 0 0 0 0 0 0 0 0 0 0 0/0 0:00 0:00 0:00
Sergey Tolchinsky 1 0 1 1 0 3 1 0 0 0 0/0 5:48 0:00 0:15
Tom Wilson 0 1 1 -2 2 1 4 0 1 0 4/12 22:20 3:15 5:02
Ty Rattie 0 0 0 0 0 0 0 0 0 0 0/0 0:00 0:00 0:00
Tyler Lewington 0 0 0 0 2 0 0 0 0 0 0/0 4:01 0:00 0:00
Tyler Pitlick 1 0 1 -2 2 2 1 2 1 1 1/5 22:16 3:29 4:44
Viktor Loov 0 1 1 0 2 2 1 1 1 1 0/0 18:32 1:57 4:23
Players Stats for Sewer Rats
Player Name G A P +/- PIM S H SB GA TA FO MP PP MP PK MP
------------------------------------------------------------------------------------
Anthony Duclair 0 0 0 0 0 2 0 0 0 0 0/1 9:28 0:00 0:00
Connor Carrick 0 0 0 -1 0 0 0 3 0 1 0/0 11:08 0:00 2:21
Daniel Carr 1 0 1 0 2 3 1 0 1 0 1/1 21:22 6:37 2:02
Dmitrij Jaskin 0 0 0 0 0 3 0 0 1 0 0/1 10:39 0:13 0:00
Drake Caggiula 0 0 0 0 0 1 0 0 0 0 3/6 11:30 0:13 1:06
Erik Condra 1 0 1 0 0 3 2 0 1 1 0/2 21:16 4:47 1:21
Jared McCann 0 0 0 -1 0 0 0 0 0 0 0/0 4:46 0:13 0:00
Jarred Tinordi 0 0 0 -1 2 0 1 3 2 1 0/0 27:54 6:40 4:18
Joel Edmundson 0 1 1 1 2 1 1 2 0 0 0/0 19:12 4:57 1:04
John Ramage 0 0 0 1 0 1 1 1 0 0 0/0 19:40 4:57 1:51
Jonathan Marchessault 0 1 1 0 0 4 0 0 0 2 4/10 19:55 4:47 0:00
Joseph Blandisi 0 0 0 0 0 2 0 0 1 1 0/0 20:37 4:47 0:22
Mark Mancari 0 2 2 -1 0 3 2 1 2 0 3/5 26:20 6:37 3:48
Ryan Murphy 0 0 0 -1 0 1 0 0 0 1 0/0 8:47 0:00 0:00
Stefan Elliott 0 0 0 -1 2 1 1 2 1 1 0/0 26:18 6:40 2:41
Thomas Chabot 0 0 0 0 0 0 0 0 0 0 0/0 3:47 0:00 0:15
Vincent Trocheck 1 1 2 0 0 3 2 0 1 2 24/44 23:00 6:37 3:51
Xavier Ouellet 0 0 0 0 2 0 0 0 0 0 0/0 3:44 0:00 0:00
Zach Aston-Reese 0 0 0 -1 0 0 0 0 0 1 2/3 4:17 0:00 0:00
3 Stars
1 - Jiri Sekac (Don)
2 - Sam Reinhart (Don)
3 - Sergey Tolchinsky (Don)
Power Play
Diablos - 2 on 5 Attempt(s) - 40.00%
Sewer Rats - 0 on 6 Attempt(s) - 0.00%
Penalty Kill
Diablos - 6 on 6 Attempt(s) - 100.00%
- Score 0 goal in Penalty Kill
Sewer Rats - 3 on 5 Attempt(s) - 60.00%
- Score 0 goal in Penalty Kill
Team Stat
Diablos - Hits : 17 - Faceoff Wins : 36 - Blocked Shots : 11 - Penalty Minutes : 12
Sewer Rats - Hits : 11 - Faceoff Wins : 37 - Blocked Shots : 12 - Penalty Minutes : 10
Official
Referees : Unknown
Linesman : Unknown
Game Notes
No Game Note
Finance
Level 1 -- Attendance: 1442 (72.10%) -- Ticket Income $50,470
Level 2 -- Attendance: 1000 (100.00%) -- Ticket Income $17,000
Total Attendance: 2442 (81.40%)
Total Ticket Income: $67,470
Other Income: $3,374
Total Income: $70,844
Diablos
5 vs 5 Forward
Center Left Wing Right Wing Time % Phy DF OF
1 Corey Trivino Tyler Pitlick Tom Wilson 40 1 2 2
2 Peter Holland Adrian Kempe Mattias Tedenby 30 1 2 2
3 Dominic Turgeon Jiri Sekac Sam Reinhart 20 1 2 2
4 Mason Appleton Sergey Tolchinsky Danton Heinen 10 1 2 2
5 vs 5 Defense
Defense Defense Time % Phy DF OF
1 Brian Dumoulin Alex Petrovic 40 1 2 2
2 Viktor Loov Dean Kukan 30 1 2 2
3 Andrey Pedan Andrei Mironov 20 1 2 2
4 Jack Glover Tyler Lewington 10 1 2 2
PowerPlay Forward
Center Left Wing Right Wing Time % Phy DF OF
1 Corey Trivino Tyler Pitlick Tom Wilson 60 1 2 2
2 Peter Holland Adrian Kempe Mattias Tedenby 40 1 2 2
PowerPlay Defense
Defense Defense Time % Phy DF OF
1 Brian Dumoulin Alex Petrovic 60 1 2 2
2 Viktor Loov Dean Kukan 40 1 2 2
Penalty Kill 4 Players Forward
Center Wing Time % Phy DF OF
1 Tom Wilson Tyler Pitlick 60 1 2 2
2 Mattias Tedenby Corey Trivino 40 1 2 2
Penalty Kill 4 Players Defense
Defense Defense Time % Phy DF OF
1 Brian Dumoulin Alex Petrovic 60 1 2 2
2 Viktor Loov Dean Kukan 40 1 2 2
Penalty Kill - 3 Players Forward
Forward Time % Phy DF OF
1 Tom Wilson 60 1 2 2
2 Tyler Pitlick 40 1 2 2
Penalty Kill - 3 Players Defense
Defense Defense Time % Phy DF OF
1 Brian Dumoulin Alex Petrovic 60 1 2 2
2 Viktor Loov Dean Kukan 40 1 2 2
4 vs 4 Forward
Center Wing Time % Phy DF OF
1 Tom Wilson Tyler Pitlick 60 1 2 2
2 Mattias Tedenby Corey Trivino 40 1 2 2
4 vs 4 Defense
Defense Defense Time % Phy DF OF
1 Brian Dumoulin Alex Petrovic 60 1 2 2
2 Viktor Loov Dean Kukan 40 1 2 2
Last Minutes Offensive
Center Left Wing Right Wing Defense Defense
Corey Trivino Tyler Pitlick Tom Wilson Brian Dumoulin Alex Petrovic
Last Minutes Defensive
Center Left Wing Right Wing Defense Defense
Corey Trivino Tyler Pitlick Tom Wilson Brian Dumoulin Alex Petrovic
Goaltenders
Starting : Jean-Francois Berube
Backup : Joni Ortio
Extra Forwards
Normal : Jakub Vrana, Ty Rattie, Charles Hudon - PP : Jakub Vrana, Ty Rattie - PK : Charles Hudon
Extra Defensemen
Normal : Guillaume Brisebois, Andrey Pedan, Andrei Mironov - PP : Guillaume Brisebois - PK : Andrey Pedan, Andrei Mironov
Penalty Shots
Tom Wilson, Tyler Pitlick, Mattias Tedenby, Corey Trivino, Peter Holland
Scratches
Daniel Sprong (Healthy), Tobias Lindberg (Healthy), Ryan MacInnis (Healthy)
Sewer Rats
5 vs 5 Forward
Center Left Wing Right Wing Time % Phy DF OF
1 Vincent Trocheck Daniel Carr Mark Mancari 40 1 2 2
2 Jonathan Marchessault Joseph Blandisi Erik Condra 30 1 2 2
3 Drake Caggiula Anthony Duclair Dmitrij Jaskin 20 1 2 2
4 Zach Aston-Reese Jared McCann Mark Mancari 10 1 2 2
5 vs 5 Defense
Defense Defense Time % Phy DF OF
1 Stefan Elliott Jarred Tinordi 40 1 2 2
2 Joel Edmundson John Ramage 30 1 2 2
3 Ryan Murphy Connor Carrick 20 1 2 2
4 Thomas Chabot Xavier Ouellet 10 1 2 2
PowerPlay Forward
Center Left Wing Right Wing Time % Phy DF OF
1 Vincent Trocheck Daniel Carr Mark Mancari 60 1 2 2
2 Jonathan Marchessault Joseph Blandisi Erik Condra 40 1 2 2
PowerPlay Defense
Defense Defense Time % Phy DF OF
1 Stefan Elliott Jarred Tinordi 60 1 2 2
2 Joel Edmundson John Ramage 40 1 2 2
Penalty Kill 4 Players Forward
Center Wing Time % Phy DF OF
1 Vincent Trocheck Mark Mancari 60 1 2 2
2 Daniel Carr Erik Condra 40 1 2 2
Penalty Kill 4 Players Defense
Defense Defense Time % Phy DF OF
1 Stefan Elliott Jarred Tinordi 60 1 2 2
2 Joel Edmundson John Ramage 40 1 2 2
Penalty Kill - 3 Players Forward
Forward Time % Phy DF OF
1 Vincent Trocheck 60 1 2 2
2 Mark Mancari 40 1 2 2
Penalty Kill - 3 Players Defense
Defense Defense Time % Phy DF OF
1 Stefan Elliott Jarred Tinordi 60 1 2 2
2 Joel Edmundson John Ramage 40 1 2 2
4 vs 4 Forward
Center Wing Time % Phy DF OF
1 Vincent Trocheck Mark Mancari 60 1 2 2
2 Daniel Carr Erik Condra 40 1 2 2
4 vs 4 Defense
Defense Defense Time % Phy DF OF
1 Stefan Elliott Jarred Tinordi 60 1 2 2
2 Joel Edmundson John Ramage 40 1 2 2
Last Minutes Offensive
Center Left Wing Right Wing Defense Defense
Vincent Trocheck Daniel Carr Mark Mancari Stefan Elliott Jarred Tinordi
Last Minutes Defensive
Center Left Wing Right Wing Defense Defense
Vincent Trocheck Daniel Carr Mark Mancari Stefan Elliott Jarred Tinordi
Goaltenders
Starting : Darcy Kuemper
Backup : Marek Mazanek
Extra Forwards
Normal : Jared McCann, Dmitrij Jaskin, Drake Caggiula - PP : Jared McCann, Dmitrij Jaskin - PK : Drake Caggiula
Extra Defensemen
Normal : Ryan Murphy, Connor Carrick, Thomas Chabot - PP : Ryan Murphy - PK : Connor Carrick, Thomas Chabot
Penalty Shots
Vincent Trocheck, Mark Mancari, Daniel Carr, Erik Condra, Jonathan Marchessault
Scratches
Dominik Kubalik (Healthy), Nick Cousins (Healthy), Josh Archibald (Healthy), Jonathan Racine (Healthy), Tyler Motte (Healthy)
Chris Calhan (Healthy), Mark Friedman (Healthy), Michael Dal Colle (Healthy), Matteson Iacopelli (Healthy), Adin Hill (Healthy)
Antoine Bibeau (Healthy)
% Time on Ice - Diablos
Lines # - Real PCT - Wanted PCT - Time Play
Normal Forward
1 - 34% - 40% - 14:25
2 - 31% - 30% - 13:08
3 - 21% - 20% - 9:02
4 - 13% - 10% - 5:33
Normal Defense
1 - 40% - 40% - 17:02
2 - 28% - 30% - 11:59
3 - 22% - 20% - 9:05
4 - 10% - 10% - 4:02
PP Forward
1 - 56% - 60% - 3:29
2 - 44% - 40% - 2:46
PP Defense
1 - 69% - 60% - 4:18
2 - 31% - 40% - 1:57
PK Forward
1 - 76% - 60% - 8:49
2 - 24% - 40% - 2:48
PK Defense
1 - 50% - 60% - 5:46
2 - 50% - 40% - 5:51
PK3 Forward
1 - 0% - 60%
2 - 0% - 40%
PK3 Defense
1 - 0% - 60%
2 - 0% - 40%
44 Forward
1 - 0% - 60%
2 - 0% - 40%
44 Defense
1 - 0% - 60%
2 - 0% - 40%
Last Minute Offensive - 0:00
Last Minute Defensive - 0:00
Total
Forward - 60:00
Defense - 60:00
|
% Time on Ice - Sewer Rats
Lines # - Real PCT - Wanted PCT - Time Play
Normal Forward
1 - 31% - 40% - 13:15
2 - 36% - 30% - 15:08
3 - 22% - 20% - 9:28
4 - 10% - 10% - 4:17
Normal Defense
1 - 40% - 40% - 16:57
2 - 31% - 30% - 12:52
3 - 21% - 20% - 8:47
4 - 8% - 10% - 3:32
PP Forward
1 - 59% - 60% - 6:50
2 - 41% - 40% - 4:47
PP Defense
1 - 57% - 60% - 6:40
2 - 43% - 40% - 4:57
PK Forward
1 - 78% - 60% - 4:54
2 - 22% - 40% - 1:21
PK Defense
1 - 70% - 60% - 4:24
2 - 30% - 40% - 1:51
PK3 Forward
1 - 0% - 60%
2 - 0% - 40%
PK3 Defense
1 - 0% - 60%
2 - 0% - 40%
44 Forward
1 - 0% - 60%
2 - 0% - 40%
44 Defense
1 - 0% - 60%
2 - 0% - 40%
Last Minute Offensive - 0:00
Last Minute Defensive - 0:00
Total
Forward - 60:00
Defense - 60:00
|
Play-by-Play
1st period
0:01 of 1st period - Vincent Trocheck wins face-off versus Corey Trivino in neutral zone.
0:45 of 1st period - Icing by Alex Petrovic.
0:46 of 1st period - Dominic Turgeon wins face-off versus Dmitrij Jaskin in Diablos zone.
0:55 of 1st period - Backhand shot by Sam Reinhart.
0:55 of 1st period - Stopped by Darcy Kuemper without a rebound.
0:56 of 1st period - Mason Appleton wins face-off versus Mark Mancari in Sewer Rats zone.
0:59 of 1st period - Wrist shot by Sergey Tolchinsky.
0:59 of 1st period - Shot Blocked by Connor Carrick.
1:12 of 1st period - Off-side.
1:13 of 1st period - Jonathan Marchessault wins face-off versus Corey Trivino in neutral zone.
1:20 of 1st period - Snap shot by Jonathan Marchessault.
1:20 of 1st period - Stopped by Jean-Francois Berube with a rebound.
1:22 of 1st period - Slapshot by Joel Edmundson.
1:22 of 1st period - Deflect By Erik Condra.
1:22 of 1st period - Goal by Erik Condra - Diablos : 0 - Sewer Rats : 1.
1:23 of 1st period - Peter Holland wins face-off versus Vincent Trocheck in neutral zone.
1:48 of 1st period - Thomas Chabot is hit by Dominic Turgeon and loses puck.
1:57 of 1st period - Wrist shot by Mark Mancari.
1:57 of 1st period - Shot Misses the Net.
1:59 of 1st period - Slapshot by Joel Edmundson.
1:59 of 1st period - Stopped by Jean-Francois Berube with a rebound.
2:01 of 1st period - Snap shot by Vincent Trocheck.
2:01 of 1st period - Shot Blocked by Jiri Sekac.
2:03 of 1st period - Backhand shot by John Ramage.
2:03 of 1st period - Stopped by Jean-Francois Berube without a rebound.
2:04 of 1st period - Corey Trivino wins face-off versus Drake Caggiula in Diablos zone.
2:15 of 1st period - Ryan Murphy is hit by Dean Kukan and loses puck.
2:38 of 1st period - Snap shot by Corey Trivino.
2:38 of 1st period - Shot Misses the Net.
2:40 of 1st period - Wrist shot by Dean Kukan.
2:40 of 1st period - Shot Blocked by Connor Carrick.
2:42 of 1st period - Slapshot by Peter Holland.
2:42 of 1st period - Stopped by Darcy Kuemper with a rebound.
3:02 of 1st period - Snap shot by Sergey Tolchinsky.
3:02 of 1st period - Shot Misses the Net.
3:36 of 1st period - Snap shot by Daniel Carr.
3:36 of 1st period - Shot Blocked by Tyler Pitlick.
3:38 of 1st period - Wrist shot by Daniel Carr.
3:38 of 1st period - Stopped by Jean-Francois Berube without a rebound.
3:39 of 1st period - Vincent Trocheck wins face-off versus Tom Wilson in Diablos zone.
3:42 of 1st period - Snap shot by Mark Mancari.
3:42 of 1st period - Shot Blocked by Alex Petrovic.
3:44 of 1st period - Wrist shot by Mark Mancari.
3:44 of 1st period - Deflect By Daniel Carr.
3:44 of 1st period - Shot Misses the Net.
3:44 of 1st period - Puck is out of play.
3:45 of 1st period - Corey Trivino wins face-off versus Vincent Trocheck in Diablos zone.
3:56 of 1st period - Wrist shot by Corey Trivino.
3:56 of 1st period - Stopped by Darcy Kuemper with a rebound.
3:58 of 1st period - Wrist shot by Corey Trivino.
3:58 of 1st period - Stopped by Darcy Kuemper with a rebound.
4:00 of 1st period - Slapshot by Corey Trivino.
4:00 of 1st period - Stopped by Darcy Kuemper with a rebound.
4:16 of 1st period - Wrist shot by Anthony Duclair.
4:16 of 1st period - Shot Blocked by Brian Dumoulin.
4:32 of 1st period - Wrist shot by Jiri Sekac.
4:32 of 1st period - Shot Misses the Net.
4:34 of 1st period - Backhand shot by Dean Kukan.
4:34 of 1st period - Stopped by Darcy Kuemper with a rebound.
4:36 of 1st period - Wrist shot by Jiri Sekac.
4:36 of 1st period - Stopped by Darcy Kuemper without a rebound.
4:37 of 1st period - Drake Caggiula wins face-off versus Corey Trivino in Sewer Rats zone.
5:04 of 1st period - John Ramage is hit by Viktor Loov and loses puck.
5:13 of 1st period - Andrey Pedan is hit by John Ramage and loses puck.
5:50 of 1st period - Snap shot by Anthony Duclair.
5:50 of 1st period - Shot Misses the Net.
6:38 of 1st period - Icing by Peter Holland.
6:39 of 1st period - Peter Holland wins face-off versus Jonathan Marchessault in Diablos zone.
7:08 of 1st period - Snap shot by Adrian Kempe.
7:08 of 1st period - Shot Misses the Net.
7:20 of 1st period - Wrist shot by Mattias Tedenby.
7:20 of 1st period - Stopped by Darcy Kuemper with a rebound.
7:28 of 1st period - Slapshot by Dmitrij Jaskin.
7:28 of 1st period - Stopped by Jean-Francois Berube with a rebound.
7:30 of 1st period - Slapshot by Stefan Elliott.
7:30 of 1st period - Stopped by Jean-Francois Berube without a rebound.
7:31 of 1st period - Corey Trivino wins face-off versus Vincent Trocheck in Diablos zone.
8:19 of 1st period - Zach Aston-Reese is hit by Andrey Pedan and loses puck.
9:16 of 1st period - Icing by Jack Glover.
9:17 of 1st period - Mattias Tedenby wins face-off versus Vincent Trocheck in Diablos zone.
9:41 of 1st period - Icing by John Ramage.
9:42 of 1st period - Jonathan Marchessault wins face-off versus Tyler Pitlick in Sewer Rats zone.
9:42 of 1st period - Jonathan Marchessault is hit by Tom Wilson.
9:48 of 1st period - Wrist shot by Jonathan Marchessault.
9:48 of 1st period - Shot Blocked by Corey Trivino.
9:50 of 1st period - Wrist shot by Joseph Blandisi.
9:50 of 1st period - Stopped by Jean-Francois Berube without a rebound.
9:51 of 1st period - Mark Mancari wins face-off versus Corey Trivino in Diablos zone.
10:13 of 1st period - Minor Penalty to Tyler Pitlick for Hooking.
10:14 of 1st period - Tom Wilson wins face-off versus Vincent Trocheck in Diablos zone.
10:23 of 1st period - Wrist shot by Vincent Trocheck.
10:23 of 1st period - Shot Misses the Net.
10:39 of 1st period - Icing by Stefan Elliott.
10:40 of 1st period - Vincent Trocheck wins face-off versus Tom Wilson in Sewer Rats zone.
11:01 of 1st period - Snap shot by Mark Mancari.
11:01 of 1st period - Shot Misses the Net.
11:25 of 1st period - Snap shot by Mark Mancari.
11:25 of 1st period - Deflect By Vincent Trocheck.
11:25 of 1st period - Shot Misses the Net.
11:25 of 1st period - Puck is out of play.
11:26 of 1st period - Tom Wilson wins face-off versus Jonathan Marchessault in Diablos zone.
12:13 of 1st period - Penalty to Tyler Pitlick is over, Tyler Pitlick is back on ice.
12:41 of 1st period - Snap shot by Anthony Duclair.
12:41 of 1st period - Stopped by Jean-Francois Berube without a rebound.
12:42 of 1st period - Zach Aston-Reese wins face-off versus Peter Holland in Diablos zone.
12:51 of 1st period - Wrist shot by Mark Mancari.
12:51 of 1st period - Stopped by Jean-Francois Berube without a rebound.
12:52 of 1st period - Corey Trivino wins face-off versus Jonathan Marchessault in Diablos zone.
13:03 of 1st period - Wrist shot by Jonathan Marchessault.
13:03 of 1st period - Shot Misses the Net.
13:05 of 1st period - Snap shot by Erik Condra.
13:05 of 1st period - Shot Blocked by Tyler Pitlick.
13:07 of 1st period - Slapshot by John Ramage.
13:07 of 1st period - Deflect By Joseph Blandisi.
13:07 of 1st period - Shot Blocked by Dean Kukan.
13:07 of 1st period - Puck is out of play.
13:08 of 1st period - Vincent Trocheck wins face-off versus Peter Holland in Diablos zone.
13:11 of 1st period - Snap shot by Vincent Trocheck.
13:11 of 1st period - Goal by Vincent Trocheck - Diablos : 0 - Sewer Rats : 2.
13:12 of 1st period - Vincent Trocheck wins face-off versus Corey Trivino in neutral zone.
13:12 of 1st period - Daniel Carr is hit by Tom Wilson.
13:45 of 1st period - Snap shot by Mattias Tedenby.
13:45 of 1st period - Stopped by Darcy Kuemper with a rebound.
15:09 of 1st period - Ryan Murphy is hit by Tom Wilson and loses puck.
15:30 of 1st period - Adrian Kempe is hit by Mark Mancari and loses puck.
16:21 of 1st period - Slapshot by Mattias Tedenby.
16:21 of 1st period - Shot Blocked by Stefan Elliott.
16:33 of 1st period - Snap shot by Daniel Carr.
16:33 of 1st period - Shot Misses the Net.
17:01 of 1st period - Snap shot by Tom Wilson.
17:01 of 1st period - Shot Misses the Net.
17:03 of 1st period - Snap shot by Tyler Pitlick.
17:03 of 1st period - Shot Misses the Net.
17:41 of 1st period - Snap shot by Dmitrij Jaskin.
17:41 of 1st period - Stopped by Jean-Francois Berube without a rebound.
17:42 of 1st period - Corey Trivino wins face-off versus Anthony Duclair in Diablos zone.
18:39 of 1st period - Wrist shot by Jonathan Marchessault.
18:39 of 1st period - Stopped by Jean-Francois Berube without a rebound.
18:40 of 1st period - Corey Trivino wins face-off versus Erik Condra in Diablos zone.
18:51 of 1st period - Slapshot by Jonathan Marchessault.
18:51 of 1st period - Stopped by Jean-Francois Berube without a rebound.
18:52 of 1st period - Daniel Carr wins face-off versus Corey Trivino in Diablos zone.
18:53 of 1st period - Wrist shot by Vincent Trocheck.
18:53 of 1st period - Stopped by Jean-Francois Berube with a rebound.
19:26 of 1st period - Minor Penalty to Stefan Elliott for Goalie Interference.
19:27 of 1st period - Corey Trivino wins face-off versus Vincent Trocheck in Sewer Rats zone.
19:38 of 1st period - Backhand shot by Tom Wilson.
19:38 of 1st period - Stopped by Darcy Kuemper with a rebound.
19:40 of 1st period - Slapshot by Brian Dumoulin.
19:40 of 1st period - Stopped by Darcy Kuemper with a rebound.
19:42 of 1st period - Wrist shot by Tyler Pitlick.
19:42 of 1st period - Shot Misses the Net.
Goals for this period are 0 for Diablos vs 2 for Sewer Rats.
Shots for this period are 11 for Diablos vs 15 for Sewer Rats.
2nd period
0:01 of 2nd period - Vincent Trocheck wins face-off versus Corey Trivino in neutral zone.
0:14 of 2nd period - Snap shot by Vincent Trocheck.
0:14 of 2nd period - Stopped by Jean-Francois Berube without a rebound.
0:15 of 2nd period - Corey Trivino wins face-off versus Mark Mancari in Diablos zone.
1:26 of 2nd period - Penalty to Stefan Elliott is over, Stefan Elliott is back on ice.
1:56 of 2nd period - Off-side.
1:57 of 2nd period - Peter Holland wins face-off versus Jonathan Marchessault in neutral zone.
3:03 of 2nd period - Wrist shot by Erik Condra.
3:03 of 2nd period - Stopped by Jean-Francois Berube without a rebound.
3:04 of 2nd period - Mark Mancari wins face-off versus Corey Trivino in Diablos zone.
3:04 of 2nd period - Stefan Elliott is hit by Alex Petrovic and loses puck.
3:25 of 2nd period - Minor Penalty to Daniel Carr for Hooking.
3:26 of 2nd period - Vincent Trocheck wins face-off versus Corey Trivino in Sewer Rats zone.
3:37 of 2nd period - Slapshot by Tyler Pitlick.
3:37 of 2nd period - Goal by Tyler Pitlick - Diablos : 1 - Sewer Rats : 2.
3:38 of 2nd period - Vincent Trocheck wins face-off versus Tyler Pitlick in neutral zone.
4:03 of 2nd period - Alex Petrovic is hit by Stefan Elliott and loses puck.
4:26 of 2nd period - Snap shot by Joseph Blandisi.
4:26 of 2nd period - Shot Misses the Net.
4:28 of 2nd period - Slapshot by John Ramage.
4:28 of 2nd period - Shot Misses the Net.
4:30 of 2nd period - Snap shot by Joseph Blandisi.
4:30 of 2nd period - Stopped by Jean-Francois Berube with a rebound.
4:32 of 2nd period - Wrist shot by Ryan Murphy.
4:32 of 2nd period - Stopped by Jean-Francois Berube without a rebound.
4:33 of 2nd period - Vincent Trocheck wins face-off versus Tom Wilson in Diablos zone.
4:40 of 2nd period - Snap shot by Daniel Carr.
4:40 of 2nd period - Goal by Daniel Carr - Diablos : 1 - Sewer Rats : 3.
4:41 of 2nd period - Vincent Trocheck wins face-off versus Corey Trivino in neutral zone.
4:46 of 2nd period - Slapshot by Daniel Carr.
4:46 of 2nd period - Shot Blocked by Viktor Loov.
4:48 of 2nd period - Wrist shot by Vincent Trocheck.
4:48 of 2nd period - Shot Misses the Net.
5:06 of 2nd period - Jarred Tinordi is hit by Dominic Turgeon and loses puck.
5:27 of 2nd period - Snap shot by Adrian Kempe.
5:27 of 2nd period - Stopped by Darcy Kuemper with a rebound.
5:29 of 2nd period - Snap shot by Mattias Tedenby.
5:29 of 2nd period - Shot Blocked by John Ramage.
5:31 of 2nd period - Slapshot by Viktor Loov.
5:31 of 2nd period - Stopped by Darcy Kuemper with a rebound.
5:33 of 2nd period - Slapshot by Adrian Kempe.
5:33 of 2nd period - Goal by Adrian Kempe - Diablos : 2 - Sewer Rats : 3.
5:34 of 2nd period - Vincent Trocheck wins face-off versus Corey Trivino in neutral zone.
6:39 of 2nd period - Jared McCann is hit by Sergey Tolchinsky and loses puck.
7:01 of 2nd period - Snap shot by Tom Wilson.
7:01 of 2nd period - Shot Blocked by Joel Edmundson.
7:03 of 2nd period - Wrist shot by Corey Trivino.
7:03 of 2nd period - Deflect By Tom Wilson.
7:03 of 2nd period - Shot Misses the Net.
7:03 of 2nd period - Puck is out of play.
7:04 of 2nd period - Corey Trivino wins face-off versus Vincent Trocheck in Sewer Rats zone.
7:13 of 2nd period - Viktor Loov is hit by Jarred Tinordi and loses puck.
7:51 of 2nd period - Minor Penalty to Adrian Kempe for Roughing.
7:52 of 2nd period - Vincent Trocheck wins face-off versus Tom Wilson in Diablos zone.
9:51 of 2nd period - Penalty to Adrian Kempe is over, Adrian Kempe is back on ice.
10:05 of 2nd period - Slapshot by Viktor Loov.
10:05 of 2nd period - Deflect By Danton Heinen.
10:05 of 2nd period - Shot Misses the Net.
10:05 of 2nd period - Puck is out of play.
10:06 of 2nd period - Mason Appleton wins face-off versus Drake Caggiula in Sewer Rats zone.
10:17 of 2nd period - Wrist shot by Drake Caggiula.
10:17 of 2nd period - Stopped by Jean-Francois Berube with a rebound.
10:19 of 2nd period - Backhand shot by Dmitrij Jaskin.
10:19 of 2nd period - Stopped by Jean-Francois Berube with a rebound.
10:33 of 2nd period - Snap shot by Jonathan Marchessault.
10:33 of 2nd period - Shot Blocked by Mason Appleton.
11:07 of 2nd period - Snap shot by Anthony Duclair.
11:07 of 2nd period - Shot Blocked by Andrey Pedan.
11:17 of 2nd period - Snap shot by Corey Trivino.
11:17 of 2nd period - Stopped by Darcy Kuemper without a rebound.
11:18 of 2nd period - Dominic Turgeon wins face-off versus Jonathan Marchessault in Sewer Rats zone.
11:45 of 2nd period - Snap shot by Adrian Kempe.
11:45 of 2nd period - Deflect By Mattias Tedenby.
11:45 of 2nd period - Shot Blocked by Stefan Elliott.
11:45 of 2nd period - Puck is out of play.
11:46 of 2nd period - Peter Holland wins face-off versus Vincent Trocheck in Sewer Rats zone.
12:16 of 2nd period - Snap shot by Anthony Duclair.
12:16 of 2nd period - Stopped by Jean-Francois Berube without a rebound.
12:17 of 2nd period - Vincent Trocheck wins face-off versus Corey Trivino in Diablos zone.
12:38 of 2nd period - Minor Penalty to Jarred Tinordi for High sticking.
12:39 of 2nd period - Corey Trivino wins face-off versus Vincent Trocheck in Sewer Rats zone.
12:44 of 2nd period - Snap shot by Corey Trivino.
12:44 of 2nd period - Goal by Corey Trivino - Diablos : 3 - Sewer Rats : 3.
12:45 of 2nd period - Vincent Trocheck wins face-off versus Corey Trivino in neutral zone.
12:47 of 2nd period - Off-side.
12:48 of 2nd period - Vincent Trocheck wins face-off versus Tom Wilson in neutral zone.
12:51 of 2nd period - Brian Dumoulin is hit by Vincent Trocheck and loses puck.
12:55 of 2nd period - Minor Penalty to Corey Trivino for Hooking.
12:56 of 2nd period - Tom Wilson wins face-off versus Vincent Trocheck in Diablos zone.
12:56 of 2nd period - Tom Wilson is hit by Mark Mancari.
14:55 of 2nd period - Penalty to Corey Trivino is over, Corey Trivino is back on ice.
15:07 of 2nd period - Snap shot by Dmitrij Jaskin.
15:07 of 2nd period - Shot Misses the Net.
15:11 of 2nd period - Wrist shot by Drake Caggiula.
15:11 of 2nd period - Shot Misses the Net.
15:13 of 2nd period - Slapshot by Connor Carrick.
15:13 of 2nd period - Shot Blocked by Mason Appleton.
15:57 of 2nd period - Tyler Pitlick is hit by Daniel Carr and loses puck.
16:11 of 2nd period - Icing by Tyler Pitlick.
16:12 of 2nd period - Drake Caggiula wins face-off versus Corey Trivino in Diablos zone.
16:31 of 2nd period - Wrist shot by Corey Trivino.
16:31 of 2nd period - Stopped by Darcy Kuemper with a rebound.
16:38 of 2nd period - Minor Penalty to Xavier Ouellet for High sticking.
16:39 of 2nd period - Peter Holland wins face-off versus Vincent Trocheck in Sewer Rats zone.
16:47 of 2nd period - Snap shot by Mattias Tedenby.
16:47 of 2nd period - Shot Misses the Net.
16:53 of 2nd period - Slapshot by Adrian Kempe.
16:53 of 2nd period - Shot Blocked by Jarred Tinordi.
16:55 of 2nd period - Snap shot by Mattias Tedenby.
16:55 of 2nd period - Shot Misses the Net.
17:27 of 2nd period - Stefan Elliott is hit by Corey Trivino and loses puck.
18:38 of 2nd period - Penalty to Xavier Ouellet is over, Xavier Ouellet is back on ice.
18:48 of 2nd period - Wrist shot by Jiri Sekac.
18:48 of 2nd period - Stopped by Darcy Kuemper with a rebound.
18:50 of 2nd period - Wrist shot by Dominic Turgeon.
18:50 of 2nd period - Stopped by Darcy Kuemper without a rebound.
18:51 of 2nd period - Dominic Turgeon wins face-off versus Erik Condra in Sewer Rats zone.
19:02 of 2nd period - Wrist shot by Jiri Sekac.
19:02 of 2nd period - Stopped by Darcy Kuemper without a rebound.
19:03 of 2nd period - Dominic Turgeon wins face-off versus Jonathan Marchessault in Sewer Rats zone.
19:04 of 2nd period - Slapshot by Sam Reinhart.
19:04 of 2nd period - Stopped by Darcy Kuemper with a rebound.
19:30 of 2nd period - Vincent Trocheck is hit by Tyler Pitlick and loses puck.
19:39 of 2nd period - Wrist shot by Daniel Carr.
19:39 of 2nd period - Deflect By Corey Trivino.
19:39 of 2nd period - Shot Misses the Net.
19:39 of 2nd period - Puck is out of play.
19:40 of 2nd period - Jonathan Marchessault wins face-off versus Peter Holland in Diablos zone.
Goals for this period are 3 for Diablos vs 1 for Sewer Rats.
Shots for this period are 11 for Diablos vs 8 for Sewer Rats.
3rd period
0:01 of 3rd period - Vincent Trocheck wins face-off versus Corey Trivino in neutral zone.
0:38 of 3rd period - Snap shot by Erik Condra.
0:38 of 3rd period - Shot Misses the Net.
0:44 of 3rd period - Alex Petrovic is hit by Erik Condra and loses puck.
1:13 of 3rd period - Snap shot by Mattias Tedenby.
1:13 of 3rd period - Shot Misses the Net.
1:21 of 3rd period - Wrist shot by Erik Condra.
1:21 of 3rd period - Stopped by Jean-Francois Berube with a rebound.
1:47 of 3rd period - Snap shot by Adrian Kempe.
1:47 of 3rd period - Stopped by Darcy Kuemper without a rebound.
1:48 of 3rd period - Tyler Pitlick wins face-off versus Vincent Trocheck in Sewer Rats zone.
2:11 of 3rd period - Minor Penalty to Viktor Loov for Hooking.
2:12 of 3rd period - Vincent Trocheck wins face-off versus Tom Wilson in Diablos zone.
2:13 of 3rd period - Wrist shot by Daniel Carr.
2:13 of 3rd period - Stopped by Jean-Francois Berube without a rebound.
2:14 of 3rd period - Tom Wilson wins face-off versus Vincent Trocheck in Diablos zone.
4:11 of 3rd period - Penalty to Viktor Loov is over, Viktor Loov is back on ice.
4:13 of 3rd period - Alex Petrovic is hit by Joel Edmundson.
4:24 of 3rd period - Off-side.
4:25 of 3rd period - Drake Caggiula wins face-off versus Mason Appleton in neutral zone.
4:47 of 3rd period - Icing by Ryan Murphy.
4:48 of 3rd period - Zach Aston-Reese wins face-off versus Peter Holland in Sewer Rats zone.
4:55 of 3rd period - Adrian Kempe is hit by Erik Condra and loses puck.
5:12 of 3rd period - Erik Condra is hit by Peter Holland and loses puck.
5:25 of 3rd period - Slapshot by Mattias Tedenby.
5:25 of 3rd period - Stopped by Darcy Kuemper with a rebound.
5:46 of 3rd period - Slapshot by Erik Condra.
5:46 of 3rd period - Shot Misses the Net.
6:19 of 3rd period - Off-side.
6:20 of 3rd period - Mark Mancari wins face-off versus Corey Trivino in neutral zone.
6:52 of 3rd period - Wrist shot by Sam Reinhart.
6:52 of 3rd period - Stopped by Darcy Kuemper without a rebound.
6:53 of 3rd period - Dominic Turgeon wins face-off versus Vincent Trocheck in Sewer Rats zone.
7:00 of 3rd period - Wrist shot by Jiri Sekac.
7:00 of 3rd period - Stopped by Darcy Kuemper with a rebound.
7:02 of 3rd period - Wrist shot by Jiri Sekac.
7:02 of 3rd period - Stopped by Darcy Kuemper without a rebound.
7:03 of 3rd period - Vincent Trocheck wins face-off versus Dominic Turgeon in Sewer Rats zone.
7:12 of 3rd period - Slapshot by Sam Reinhart.
7:12 of 3rd period - Shot Misses the Net.
7:14 of 3rd period - Snap shot by Dominic Turgeon.
7:14 of 3rd period - Shot Blocked by Mark Mancari.
7:16 of 3rd period - Snap shot by Sam Reinhart.
7:16 of 3rd period - Stopped by Darcy Kuemper with a rebound.
7:24 of 3rd period - Wrist shot by Jiri Sekac.
7:24 of 3rd period - Shot Misses the Net.
7:26 of 3rd period - Slapshot by Andrei Mironov.
7:26 of 3rd period - Shot Blocked by Jarred Tinordi.
7:28 of 3rd period - Slapshot by Andrei Mironov.
7:28 of 3rd period - Shot Misses the Net.
7:30 of 3rd period - Slapshot by Jiri Sekac.
7:30 of 3rd period - Goal by Jiri Sekac - Diablos : 4 - Sewer Rats : 3.
7:31 of 3rd period - Corey Trivino wins face-off versus Vincent Trocheck in neutral zone.
7:33 of 3rd period - Off-side.
7:34 of 3rd period - Vincent Trocheck wins face-off versus Tyler Pitlick in neutral zone.
7:45 of 3rd period - Wrist shot by Mark Mancari.
7:45 of 3rd period - Stopped by Jean-Francois Berube without a rebound.
7:46 of 3rd period - Corey Trivino wins face-off versus Vincent Trocheck in Diablos zone.
8:21 of 3rd period - Snap shot by Anthony Duclair.
8:21 of 3rd period - Shot Misses the Net.
8:53 of 3rd period - Slapshot by Brian Dumoulin.
8:53 of 3rd period - Shot Blocked by Connor Carrick.
8:55 of 3rd period - Snap shot by Sergey Tolchinsky.
8:55 of 3rd period - Deflect By Mark Mancari.
8:55 of 3rd period - Goal by Sergey Tolchinsky - Diablos : 5 - Sewer Rats : 3.
8:56 of 3rd period - Corey Trivino wins face-off versus Vincent Trocheck in neutral zone.
9:23 of 3rd period - Jarred Tinordi is hit by Sam Reinhart and loses puck.
9:30 of 3rd period - Snap shot by Jiri Sekac.
9:30 of 3rd period - Shot Misses the Net.
9:44 of 3rd period - Snap shot by Sergey Tolchinsky.
9:44 of 3rd period - Shot Hit the Post.
9:46 of 3rd period - Snap shot by Sergey Tolchinsky.
9:46 of 3rd period - Stopped by Darcy Kuemper with a rebound.
9:48 of 3rd period - Slapshot by Andrey Pedan.
9:48 of 3rd period - Shot Misses the Net.
10:04 of 3rd period - Wrist shot by Corey Trivino.
10:04 of 3rd period - Stopped by Darcy Kuemper without a rebound.
10:05 of 3rd period - Corey Trivino wins face-off versus Vincent Trocheck in Sewer Rats zone.
10:16 of 3rd period - Snap shot by Tom Wilson.
10:16 of 3rd period - Shot Misses the Net.
10:18 of 3rd period - Snap shot by Corey Trivino.
10:18 of 3rd period - Stopped by Darcy Kuemper with a rebound.
10:46 of 3rd period - Icing by Ryan Murphy.
10:47 of 3rd period - Peter Holland wins face-off versus Drake Caggiula in Sewer Rats zone.
10:57 of 3rd period - Off-side.
10:58 of 3rd period - Corey Trivino wins face-off versus Vincent Trocheck in neutral zone.
11:09 of 3rd period - Wrist shot by Tyler Pitlick.
11:09 of 3rd period - Shot Misses the Net.
11:46 of 3rd period - Slapshot by Viktor Loov.
11:46 of 3rd period - Stopped by Darcy Kuemper without a rebound.
11:47 of 3rd period - Jonathan Marchessault wins face-off versus Dominic Turgeon in Sewer Rats zone.
11:47 of 3rd period - Jonathan Marchessault is hit by Jiri Sekac.
12:14 of 3rd period - Slapshot by Jonathan Marchessault.
12:14 of 3rd period - Stopped by Jean-Francois Berube without a rebound.
12:15 of 3rd period - Corey Trivino wins face-off versus Vincent Trocheck in Diablos zone.
12:15 of 3rd period - Tom Wilson is hit by Vincent Trocheck.
12:24 of 3rd period - Minor Penalty to Joel Edmundson for Hooking.
12:25 of 3rd period - Vincent Trocheck wins face-off versus Tyler Pitlick in Sewer Rats zone.
12:35 of 3rd period - Mark Mancari is hit by Tom Wilson and loses puck.
14:24 of 3rd period - Penalty to Joel Edmundson is over, Joel Edmundson is back on ice.
14:39 of 3rd period - Snap shot by Sergey Tolchinsky.
14:39 of 3rd period - Stopped by Darcy Kuemper with a rebound.
14:41 of 3rd period - Slapshot by Andrei Mironov.
14:41 of 3rd period - Shot Blocked by Jarred Tinordi.
14:43 of 3rd period - Slapshot by Andrey Pedan.
14:43 of 3rd period - Stopped by Darcy Kuemper without a rebound.
14:44 of 3rd period - Sam Reinhart wins face-off versus Zach Aston-Reese in Sewer Rats zone.
14:55 of 3rd period - Snap shot by Sam Reinhart.
14:55 of 3rd period - Goal by Sam Reinhart - Diablos : 6 - Sewer Rats : 3.
14:56 of 3rd period - Vincent Trocheck wins face-off versus Corey Trivino in neutral zone.
15:19 of 3rd period - Minor Penalty to Tom Wilson for Slashing.
15:20 of 3rd period - Vincent Trocheck wins face-off versus Charles Hudon in Diablos zone.
17:19 of 3rd period - Penalty to Tom Wilson is over, Tom Wilson is back on ice.
17:26 of 3rd period - Snap shot by Tyler Pitlick.
17:26 of 3rd period - Stopped by Darcy Kuemper with a rebound.
17:40 of 3rd period - Snap shot by Danton Heinen.
17:40 of 3rd period - Shot Blocked by Joel Edmundson.
18:17 of 3rd period - Minor Penalty to Tyler Lewington for Tripping.
18:18 of 3rd period - Vincent Trocheck wins face-off versus Tom Wilson in Diablos zone.
18:19 of 3rd period - Wrist shot by Mark Mancari.
18:19 of 3rd period - Stopped by Jean-Francois Berube without a rebound.
18:20 of 3rd period - Vincent Trocheck wins face-off versus Tom Wilson in Diablos zone.
18:55 of 3rd period - Slapshot by Stefan Elliott.
18:55 of 3rd period - Shot Misses the Net.
19:46 of 3rd period - Mark Mancari is hit by Jiri Sekac and loses puck.
Goals for this period are 3 for Diablos vs 0 for Sewer Rats.
Shots for this period are 16 for Diablos vs 5 for Sewer Rats.